[Event "4th Tata Steel India Blitz Open 2022"]
[Site "Kolkota"]
[Date "2022.12.03"]
[Round "1.1"]
[White "Rameshbabu, Praggnanandhaa"]
[Black "So, Wesley"]
[Result "1-0"]
[ECO "D79"]
[WhiteElo "2678"]
[BlackElo "2760"]
[Annotator "TA"]
[PlyCount "73"]
[EventDate "2022.11.29"]
[EventType "tourn"]
[EventCountry "IND"]
[SourceTitle "playchess.com"]
[Source "ChessBase"]
[SourceQuality "1"]
[TimeControl "180+2"]

1. Nf3 c5 2. g3 Nc6 3. Bg2 g6 4. c3 Bg7 5. d4 cxd4 6. cxd4 d5 7. Nc3 Nf6 8. Ne5 O-O 9. Nxc6 bxc6 10. O-O Bf5 11. Bf4 Nh5 12. Bg5 $5 {[%emt 0:00:07][%mdl 4] Exploring less charted territory. D79: Fianchetto Grünfeld: Symmetrical Variation (6 0-0 c6 7 cxd5 cxd5).} h6 13. Be3 c5 {[%emt 0:00:20] [#]} 14. Nxd5 $146 {[%emt 0:00:57] The position is equal.} (14. dxc5 {[#]} d4 $1 15. Bxd4 (15. Bxa8 Qxa8 16. Bxd4 Rd8 $17) 15... Qxd4 16. Qxd4 Bxd4 17. Bxa8 Rxa8 $15) (14. Qd2 {simplifies} Kh7 15. Na4 cxd4 16. Bxd4 Bxd4 17. Qxd4 Nf6 18. Nc3) ({Predecessor:} 14. Qd2 Kh7 15. Na4 c4 16. Nc3 Be6 17. f3 f5 18. Bf2 Nf6 19. b3 Rc8 20. Na4 {1-0 (40) Bocharov,D (2425)-Rogovoi,M (2208) St Petersburg 2001}) 14... e6 15. Nf4 $1 Nxf4 16. Bxf4 {[%emt 0:00:06] [#] aiming for e4.} (16. gxf4 cxd4 17. Bxa8 Qxa8 $17) 16... cxd4 $1 17. Bxa8 Qxa8 18. f3 e5 {[%emt 0:00:06] Against g4} 19. Bd2 e4 20. Rc1 e3 21. Bb4 Rb8 22. Ba3 d3 23. g4 Bxb2 (23... d2 $1 $14 24. gxf5 dxc1=Q 25. Qxc1 Rc8 26. Qxe3 Qd5) 24. gxf5 $16 (24. Bxb2 $6 Rxb2 25. Qa4 (25. gxf5 $2 dxe2 26. Qd6 exf1=B $19) 25... dxe2 $11) 24... Bxa3 25. Rc3 $36 {[%emt 0:00:09][%mdl 2048] White is in control.} dxe2 26. Qxe2 (26. Rxa3 exd1=Q 27. Rxd1 Qxf3 28. Rad3 Rb2 29. Rd8+ Kg7 30. f6+ Kh7) 26... Bb4 27. Rb3 {[%emt 0:00:01] Threatens to win with fxg6.} (27. Rxe3 Bc5 28. fxg6 Rf8 $16) 27... Ba5 $2 (27... g5 $16) 28. fxg6 $18 (28. Qxe3 Bb6 29. Rxb6 Rxb6 $11) 28... fxg6 (28... Rxb3 {might work better.} 29. gxf7+ (29. axb3 Qd5 $18) 29... Kf8) 29. Qc4+ (29. Rxe3 Bb6 30. Kg2 Bxe3 31. Qxe3 Qd5 $11) 29... Kh8 30. Qd4+ (30. Rxe3 Bb6 31. Qf4 Re8 $11) 30... Kh7 31. Qd7+ (31. Rxe3 Rb7 $11) (31. Qxe3 Rg8 32. Qe4 Bb6+ 33. Kh1 Qc8 $18) 31... Kh8 32. Qd4+ (32. Rxe3 Bb6 33. Qe6 Rb7 $11) 32... Kh7 33. Qd7+ (33. Rxe3 Rb7 $11) (33. Qxe3 Rg8 $18) 33... Kh8 34. Qe6 {[%emt 0:00:01] White wants to mate with Qe5+. The board is on fire.} ({Inferior is} 34. Rxe3 Bb6 35. Qe6 Rb7 $11) ({But not} 34. Qd4+ Kh7 $18) 34... Rxb3 35. axb3 {[%emt 0:00:01] Black must now prevent Qe5+.} Qf8 $2 (35... Qd8 $16) 36. Qe5+ (36. Qxe3 $2 {too greedy.} Bb6 $19) 36... Kh7 37. Qxa5 {[%emt 0:00:02] Weighted Error Value: White=0.77/Black=0.31} 1-0

[Event "4th Tata Steel India Blitz Open 2022"]
[Site "Kolkota"]
[Date "2022.12.03"]
[Round "1.2"]
[White "Gukesh D"]
[Black "Mamedyarov, Shakhriyar"]
[Result "0-1"]
[ECO "A20"]
[WhiteElo "2725"]
[BlackElo "2741"]
[Annotator "TA"]
[PlyCount "110"]
[EventDate "2022.11.29"]
[EventType "tourn"]
[EventCountry "IND"]
[SourceTitle "playchess.com"]
[Source "ChessBase"]
[SourceQuality "1"]
[TimeControl "180+2"]

1. c4 e5 2. g3 Nf6 3. Bg2 Bc5 4. d3 O-O 5. Nf3 Re8 6. O-O {[%emt 0:00:03][%cal Of3e5] A20: English Opening: 1...e5.} c6 {[%emt 0:00:02] [#]} (6... d6 $11) 7. Nc3 (7. Nxe5 $1 $16 {[%mdl 512] Strongly threatening d4.} Bb6 8. Nf3) 7... d6 $11 8. b3 {[%emt 0:00:04] The position is equal. 8.d4 is the modern continuation.} a5 {[%emt 0:00:06] [#]} 9. Bb2 $146 ({Predecessor:} 9. e3 Bf5 10. h3 h6 11. Bb2 Bb6 12. Kh2 Nbd7 13. Qd2 Nc5 14. e4 Bd7 15. Ng1 {1-0 (44) Giri,A (2776)-Anand,V (2757) Kolkata 2019}) 9... Bf5 10. e3 Nbd7 11. h3 h6 12. Qd2 Bb4 13. a3 {[%emt 0:00:08] Prevents a4.} Bxc3 14. Qxc3 Nc5 15. e4 Bd7 16. Qc2 Ne6 17. Kh2 (17. d4 $16) 17... c5 18. a4 {[%emt 0:00:27] Inhibits b5.} b6 19. Nh4 g6 (19... Nd4 $11 20. Qd1 Qe7) 20. Rae1 ({Better is} 20. Qd2 $16) 20... Nh5 21. Nf3 Rf8 22. Qd2 Kg7 (22... g5 $11 {is superior.}) 23. Ng1 $14 (23. Bc1 Rh8 $11) 23... Kh7 24. Bc1 (24. Ne2 $16) 24... Qg5 25. Qd1 Qe7 (25... Qf6 {simplifies} 26. Ne2 Rae8 27. Bd2 Qg7) 26. f4 exf4 27. gxf4 (27. g4 {simplifies} Nhg7 28. d4 cxd4 29. Ne2) 27... Qh4 (27... Nd4 28. Ne2 $14 (28. Nf3 Ne6 $11)) (27... Rae8 $11) 28. Qg4 Qxg4 (28... Qe7 $1 $11) 29. hxg4 $16 Nf6 30. g5 (30. Kg3 $1 $16) 30... hxg5 $1 $14 31. fxg5 Ng4+ 32. Kg3 $1 Ne5 33. Nf3 (33. Rd1 $1 $14 {keeps the upper hand.}) 33... Nxd3 $17 {[%emt 0:00:03] Black is much more active. Pair of Knights! Black converts the advantage convincingly.} 34. Re3 {[%emt 0:00:06] [#]} Nxc1 ({Don't do} 34... Nef4 35. Rh1+ Kg8 {[#]} 36. Bb2 $1 Nxb2 37. Kxf4 $16) 35. Rxc1 Rad8 36. Rd1 Bc6 37. Red3 ({White should play} 37. Bh3) 37... Bxe4 38. Rxd6 Kg7 39. Kg4 (39. Ne5 $142 Bc2 40. R1d5 (40. Rxd8 $2 Rxd8 41. Rxd8 Nxd8 $19)) 39... Bf5+ 40. Kg3 Bc2 41. Rxd8 (41. R1d5 {keeps fighting.}) 41... Rxd8 $19 ({Worse is} 41... Nxd8 42. Rd6 $17) 42. Rxd8 Nxd8 {[%emt 0:00:01][%mdl 4096] Endgame KBN-KBN} 43. Nd2 Ne6 44. Kg4 Nd4 45. Bd5 $2 (45. Kf4) 45... Nxb3 {[%emt 0:00:02] Black is clearly winning.} 46. Nf3 Bd1 47. Kf4 Bxf3 48. Kxf3 {[%emt 0:00:01] KB-KN} Nd4+ 49. Kf4 Kf8 50. Ke5 Ke7 51. Kf4 Ne6+ 52. Kg4 Kd6 53. Kh4 {[%emt 0:00:02] Inhibits b5.} Ke5 54. Kg4 f6 55. gxf6 Kxf6 {[%emt 0:00:01] Weighted Error Value: White=0.69/Black=0.27 (precise)} 0-1

[Event "4th Tata Steel India Blitz Open 2022"]
[Site "Kolkota"]
[Date "2022.12.03"]
[Round "1.3"]
[White "Nihal Sarin"]
[Black "Nakamura, Hikaru"]
[Result "1-0"]
[ECO "D02"]
[WhiteElo "2670"]
[BlackElo "2768"]
[Annotator "TA"]
[PlyCount "173"]
[EventDate "2022.11.29"]
[EventType "tourn"]
[EventCountry "IND"]
[SourceTitle "playchess.com"]
[Source "ChessBase"]
[SourceQuality "1"]
[TimeControl "180+2"]

1. d4 Nf6 2. Nf3 d5 3. c3 a5 4. Bf4 Bf5 5. e3 e6 6. a3 c6 7. c4 Nbd7 8. Nc3 Be7 9. h3 h6 10. Be2 dxc4 11. Bxc4 O-O 12. O-O Nd5 13. Bh2 b5 14. Bd3 Bxd3 15. Qxd3 Qb6 16. Rfc1 Rac8 17. Qe2 Qb7 18. Ne4 Rfd8 19. Nd6 Bxd6 20. Bxd6 a4 21. Nd2 N7b6 22. Bc5 Nf6 23. Rc2 Nbd7 24. Be7 Re8 25. Bxf6 Nxf6 26. Rac1 e5 ({Black should play} 26... Qb6 $14) 27. Nf3 (27. dxe5 $1 $16 Rxe5 28. Nf3) 27... Nd7 $11 28. dxe5 (28. Rc3 $14 {feels stronger.}) 28... Nxe5 $11 29. Nxe5 Rxe5 30. Qf3 Re6 31. Rd2 Qc7 32. Rcd1 Re7 (32... Qe5 $11 {keeps the balance.}) 33. Rd6 $16 c5 34. Qd5 b4 35. Qc4 Rb8 36. Qa6 (36. R6d5 {seems wilder.} Rc8 37. axb4 cxb4 38. Qxb4 Rb8 39. Qxa4 Rxb2 40. Qa3) 36... bxa3 37. bxa3 Qc8 38. Qxa4 c4 39. Rd8+ (39. Rc6 $16 Rc7 40. Rdd6) 39... Qxd8 $11 40. Rxd8+ Rxd8 41. Qxc4 Ra8 42. a4 Rea7 43. g4 h5 44. Kg2 Rxa4 45. Qd5 hxg4 46. h4 R4a6 47. Qe4 Rd8 (47... Rb8 {feels hotter.} 48. Kg3 Rf6 49. Qc2 Rb4) 48. h5 $2 (48. Kg3 $11 {and White has nothing to worry.}) 48... Rh6 $2 (48... Rf6 $1 $19 {Strongly threatening ...Rd2.} 49. Qb4 Rd5) 49. Qxg4 $11 Rf6 50. Qb4 Rd5 51. Qb8+ Kh7 52. Qb1+ Kh6 53. f4 Rxh5 54. Qb8 Kh7 55. Qb1+ Rg6+ 56. Kf3 f5 57. Qb4 $2 (57. Qb5 $11) 57... Rh3+ $19 58. Ke2 Re6 59. Qc5 Rhxe3+ $2 (59... Kg6 $19 {Threatens to win with ...Rexe3+.} 60. Kd2 Rhxe3) 60. Kf2 $2 (60. Qxe3 $11 Rxe3+ 61. Kxe3 Kg6 62. Kf3 Kf7 63. Kf2 Ke6 64. Ke3 Kd5 65. Kd3 g6 66. Ke3 Kc4 67. Ke2 Kd4 68. Kf3 Kd3 69. Kg2 Ke4 70. Kg3 Ke3 71. Kg2 Kxf4 72. Kf2 Ke4 73. Kg3 f4+ 74. Kg2 Ke3 75. Kf1 f3 76. Ke1 g5 77. Kf1 g4 78. Kg1 g3 79. Kh1 g2+ 80. Kg1 Ke2 81. Kh2 Kf2 82. Kh3 g1=Q 83. Kh4 Qg6 84. Kh3 Qh5#) 60... Re2+ 61. Kf1 $2 (61. Kf3 $15) 61... Kg6 (61... Re1+ $142 62. Kg2 Kg6 63. Kg3 R1e3+ 64. Kh2 R6e4 65. Kg2 Re2+ 66. Kf1 Re1+ 67. Kf2 Rd1 68. Kg3 Rd3+ 69. Kf2 Rxf4+ 70. Ke2 Rdd4 71. Qc7 Kh6 72. Qc6+ Kh5 73. Qh1+ Rh4 74. Qf3+ Kh6 75. Qg3 Rhe4+ 76. Kf1 Rd1+ 77. Kf2 Rd2+ 78. Kf1 g5 79. Qc3 Red4 80. Qc8 Kh5 81. Ke1 Kg4 82. Qc3 f4 83. Qxd2 Rxd2 84. Kxd2 Kf3 85. Kd1 g4 86. Kc2 g3 87. Kd3 g2 88. Kd4 Kg4 89. Kd5 f3 90. Ke5 g1=Q 91. Kf6 f2 92. Kg6 f1=Q 93. Kg7 Kh3+ 94. Kh6 Qf8+ 95. Kh7 Qgg8#) 62. Qg1+ $19 Kf7 63. Qa7+ Re7 $1 64. Qc5 {[%emt 0:00:02] [#]} g6 $2 (64... Re1+ $1 $19 65. Kf2 R7e2+ 66. Kg3 Re3+ 67. Kg2 R1e2+ 68. Kf1 Kg6) 65. Qd5+ $2 (65. Qc4+ $15 R2e6 66. Kf2) 65... Kg7 $19 66. Qd4+ Kh7 67. Qf6 R2e4 68. Kg2 Rd7 69. Qc6 Rd2+ 70. Kg3 Rd3+ $2 (70... Kh6 {mates} 71. Qc5 Rd3+ 72. Kg2 Rxf4 73. Qe5 Rd2+ 74. Kg3 Rb4 75. Qf6 Rbd4 76. Qf8+ Kh5 77. Kf3 R2d3+ 78. Ke2 Kg4 79. Qb8 f4 80. Qb1 Rd2+ 81. Ke1 Rd1+ 82. Qxd1+ Rxd1+ 83. Kxd1 f3 84. Kd2 Kf4 85. Kd1 g5 86. Kd2 g4 87. Ke1 Ke3 88. Kf1 g3 89. Ke1 g2 90. Kd1 Kd3 91. Kc1 Kc3 92. Kb1 g1=Q+ 93. Ka2 Qf2+ 94. Kb1 Qb2#) 71. Kh4 $11 Rd1 72. Kg5 Rde1 73. Qxg6+ Kh8 74. Qf6+ Kg8 75. Qg6+ Kf8 76. Qxf5+ Kg8 77. Qg6+ (77. Kf6 {is interesting.} Re7 78. Qg4+ Kh7 79. f5) 77... Kf8 78. Qf6+ Kg8 79. Qg6+ Kf8 80. Qd6+ Kf7 81. Qd5+ Kg7 82. Qd7+ Re7 83. Qd4+ Kf7 84. f5 Re8 $2 (84... R1e5 $11) 85. Qd5+ Kf8 {[%emt 0:00:01] [#]} 86. Kf6 $1 R1e7 87. Qc5 1-0

[Event "4th Tata Steel India Blitz Open 2022"]
[Site "Kolkota"]
[Date "2022.12.03"]
[Round "1.4"]
[White "Abdusattorov, Nodirbek"]
[Black "Erigaisi Arjun"]
[Result "0-1"]
[ECO "C02"]
[WhiteElo "2713"]
[BlackElo "2718"]
[Annotator "TA"]
[PlyCount "100"]
[EventDate "2022.11.29"]
[EventType "tourn"]
[EventCountry "IND"]
[SourceTitle "playchess.com"]
[Source "ChessBase"]
[SourceQuality "1"]
[TimeControl "180+2"]

1. e4 e6 2. d4 d5 3. e5 c5 4. Nf3 Nc6 5. Bd3 Bd7 6. O-O {[%emt 0:00:02] C02: French: Advance Variation.} Nge7 $5 {[%emt 0:00:07][%mdl 4] Leaves trodden paths.} 7. Re1 {[%emt 0:00:13] [#]} c4 $146 ({Predecessor:} 7... cxd4 8. Bf4 Ng6 9. Bg3 Be7 10. Nbd2 Qb6 11. Nb3 Rc8 12. h4 Qd8 13. h5 Nh4 14. Nfxd4 Nxd4 15. Nxd4 {0-1 (40) Schmidt,H (2215)-Kolthoff,S (2036) Oldenburg 2000}) 8. Bf1 {[%emt 0:00:01] The position is equal.} Nf5 9. Nc3 h5 10. Ne2 Be7 11. Ng3 g5 12. Nxf5 exf5 13. h4 gxh4 14. Bf4 Be6 15. b3 Rg8 16. bxc4 (16. c3 $11) 16... dxc4 ({Black should try} 16... Rg4 $17 17. Bd2 dxc4) 17. Rb1 (17. c3 $15) 17... Qd7 {[%emt 0:00:07] Black is more active.} ({Black should play} 17... Rg4 $17 18. Bd2 Qd5) 18. c3 $15 Bd5 (18... Rg4 $17 19. Bd2 O-O-O) 19. Rb5 (19. Nd2 $1 $11 Rg4 20. Nxc4 Rxf4 21. Rb5) 19... Rg4 (19... h3 20. Rxd5 Qxd5 21. g3 $11) 20. Bh2 {[%emt 0:00:37] [#]} ({Better is} 20. Rxd5 $15 Qxd5 21. Bc1) 20... O-O-O $1 $17 21. Re3 (21. Rxd5 $17 Qxd5 22. Kh1) 21... f4 22. Re1 Rdg8 (22... h3 23. Rxd5 Qxd5 24. g3) (22... Bxf3 $19 23. Qxf3 {[#]} Nxd4 $1 24. cxd4 Qxb5 25. Bxf4 Rxd4) 23. Kh1 a6 ({Not} 23... h3 24. gxh3 R4g7 25. Qe2 $15) 24. Rxd5 Qxd5 25. a4 Bd8 {[%emt 0:00:14] Hoping for ...Ba5.} 26. Qe2 Na5 ({Don't play} 26... h3 27. gxh3 R4g7 28. Qe4 Qxe4 29. Rxe4 $15) (26... b5 {feels hotter.} 27. Nd2 h3 28. Qf3 hxg2+ 29. Bxg2 Qxf3 30. Bxf3 Ba5) 27. Rb1 (27. Nd2 $17 {keeps fighting.}) 27... Bc7 28. Re1 Kb8 29. Rb1 Ka8 30. Re1 R8g6 31. Ng1 $2 {[%emt 0:00:01] Loses the game.} (31. Qe4 $17 {might work better.} Qxe4 32. Rxe4) 31... Rxg2 $1 $19 32. Nf3 R2g4 {[%emt 0:00:05] Threatens to win with ...f5.} 33. Qe4 Qxe4 34. Rxe4 Rb6 {[%emt 0:00:02] White must now prevent ...Rb1.} 35. Re1 {[%emt 0:00:08] Against Rb1} (35. Bh3 {was necessary.} Rb1+ 36. Re1 Rxe1+ 37. Nxe1) 35... Rb2 36. Bg1 (36. d5 $142) 36... Rc2 37. d5 Rxc3 38. d6 Bd8 39. Nd4 Bb6 {[%emt 0:00:08] Against e6} 40. Nf5 h3 41. Be2 Rg5 42. Ne7 Rxe5 {[%emt 0:00:01] aiming for ...f3.} 43. Rd1 Rxe2 44. Nd5 Rd3 45. Nxb6+ Kb8 46. Rc1 Rxd6 47. f3 Rc6 (47... Rdd2 $142 48. Na8 Kxa8 49. Rf1 c3 50. Ra1 c2 51. Re1 h2 52. Bf2 Rd1 53. Kxh2 Rdxe1 54. Kh3 Rxf2 55. Kh4 Rg1 56. Kxh5 Rh2#) 48. Rd1 Rce6 ({Weaker is} 48... c3 49. Rd8+ Kc7 50. Rd7+ Kb8 51. Rd8+ Kc7 52. Rd7+ Kb8 53. Rd8+ $11) 49. Rd8+ Kc7 50. Rd5 Rxb6 {[%emt 0:00:02] Weighted Error Value: White=0.62/Black=0.22 (precise)} 0-1

[Event "4th Tata Steel India Blitz Open 2022"]
[Site "Kolkota"]
[Date "2022.12.03"]
[Round "1.5"]
[White "Vidit, Santosh Gujrathi"]
[Black "Maghsoodloo, Parham"]
[Result "0-1"]
[ECO "D02"]
[WhiteElo "2724"]
[BlackElo "2720"]
[Annotator "TA"]
[PlyCount "132"]
[EventDate "2022.11.29"]
[EventType "tourn"]
[EventCountry "IND"]
[SourceTitle "playchess.com"]
[Source "ChessBase"]
[SourceQuality "1"]
[TimeControl "180+2"]

1. d4 Nf6 2. Nf3 d5 3. Bf4 c5 4. e3 Nc6 5. Nbd2 cxd4 6. exd4 {[%emt 0:00:01] D02: 1 d4 d5 2 Nf3 sidelines, including 2...Nf6 3 g3 and 2...Nf6 3 Bf4.} Qb6 7. Nb3 Bf5 $1 {[%emt 0:00:04][%mdl 4] is more profitable than 7...Bg4 at the moment.} 8. c3 {[%emt 0:00:28] The position is equal.} e6 9. a4 {[%emt 0:00:14] aiming for a5.} (9. Nh4 $5 ) 9... a6 10. a5 Qd8 11. Be2 Be7 12. O-O O-O 13. Re1 Re8 14. Ne5 {[%emt 0:00:22] [#]} Nxe5 $146 ({Predecessor:} 14... h6 15. h3 Rc8 16. Nxc6 Rxc6 17. Nd2 Nd7 18. Bf1 Bf8 19. Qb3 Qc8 20. Bh2 Nf6 {1-0 (73) Kamsky,G (2658)-Maghsoodloo,P (2698) Europe Echecs INT 2021}) 15. Bxe5 Nd7 16. Bg3 h6 17. Bd3 Bxd3 18. Qxd3 b5 19. axb6 Qxb6 20. Nd2 Qb5 (20... Qxb2 $2 21. Reb1 $18 (21. Rxa6 $2 {too greedy.} Rxa6 22. Qxa6 Qxd2 $19) (21. Rxa6 $2 {loses.} Rxa6 22. Qxa6 Qxd2 $19)) 21. Qc2 a5 22. Ra2 Rec8 23. Rea1 Nb6 24. h3 a4 25. Bf4 Bf6 (25... Qe2 {looks sharper.} 26. Qb1 Bh4 27. g3 g5) 26. Be3 (26. Nf3 {seems wilder.} Nc4 27. Nd2 a3 28. Nxc4 Qxc4 29. Rxa3 Rxa3 30. Rxa3 Qxd4 31. Ra8) 26... Rab8 27. Qd1 Rb7 28. Qg4 Kh8 29. Qh5 Kg8 30. Qg4 (30. Ne4 $5 Be7 $8 31. Nc5 $11) 30... Kf8 31. Qh5 Rbc7 (31... Be7 $15) 32. Ne4 {[%emt 0:00:02][%cal Oe3h6] Black must now prevent Bxh6!} Be7 33. Nc5 Bxc5 34. dxc5 Nc4 35. Bd4 f6 (35... Nxb2 $2 36. Rb1 $18) (35... e5 $1 $11 36. Bxe5 Nxe5 37. Qxe5 Rxc5) 36. Rxa4 (36. f4 $1 $14 {was preferrable.}) 36... e5 $1 $11 37. Rb4 Qd7 (37... Qc6 $5 ) 38. Be3 Nxe3 $1 39. fxe3 Rxc5 40. Kh2 (40. Qd1 {simplifies} Rb5 41. Qa4 Rb7 42. Qxd7 Rxd7 43. Raa4) 40... Kg8 (40... d4 $5) 41. Ra6 Kh7 (41... d4 $5) 42. Rab6 Rc4 43. Rb7 R8c7 44. Rxc7 Rxc7 {[%emt 0:00:02][%mdl 4096] Endgame KQR-KQR} 45. Qd1 Qc6 46. Qd3+ e4 47. Qd4 Qd6+ 48. Kg1 Qg3 49. Ra4 Rb7 50. b4 Re7 51. Ra1 (51. Ra5 {keeps more tension.} f5 52. Rxd5 f4 53. exf4 Qxf4 54. Qd2) 51... Re5 52. Qd2 Rg5 53. Kh1 Qb8 54. Rb1 Qb5 55. Kg1 h5 56. Rb2 Rf5 {[%emt 0:00:02] [#] Hoping for ...Rf1+.} 57. Qe2 {[%emt 0:00:01] Against Rf1+} Qa4 (57... Qb6 $11 {and Black stays safe.}) 58. Qc2 $2 ({White must play} 58. b5 $18) 58... Qa7 59. Qd2 (59. Qc1 $11) 59... Qa1+ $19 ({Not} 59... Qa6 60. Qe1 $11) 60. Kh2 {[%emt 0:00:01] [#]} Rf1 $1 {[%emt 0:00:01] ( -> ...h4)} 61. Qe2 g6 {[%emt 0:00:01] And now ...Rh1+ would win.} 62. h4 Rh1+ 63. Kg3 Qg1 {[%emt 0:00:02] Black mates.} 64. Qa6 Qh2+ 65. Kf2 Qxh4+ 66. Ke2 Qe1# {[%emt 0:00:02] Weighted Error Value: White=0.23 (precise) /Black=0.13 (very precise)} 0-1

[Event "4th Tata Steel India Blitz Open 2022"]
[Site "Kolkota"]
[Date "2022.12.03"]
[Round "2.1"]
[White "Mamedyarov, Shakhriyar"]
[Black "Rameshbabu, Praggnanandhaa"]
[Result "1-0"]
[ECO "E11"]
[WhiteElo "2741"]
[BlackElo "2678"]
[Annotator "TA"]
[PlyCount "111"]
[EventDate "2022.11.29"]
[EventType "tourn"]
[EventCountry "IND"]
[SourceTitle "playchess.com"]
[Source "ChessBase"]
[SourceQuality "1"]
[TimeControl "180+2"]

1. d4 Nf6 2. c4 e6 3. Nf3 Bb4+ 4. Nbd2 O-O 5. a3 Be7 6. e4 d6 {[%emt 0:00:01] E11: Bogo-Indian.} 7. Qc2 Nfd7 8. b3 $5 {[%emt 0:00:15][%mdl 4] Leaves trodden paths.} e5 {[%emt 0:00:03] The position is equal.} 9. Bb2 exd4 10. Nxd4 Bf6 11. Be2 {[%emt 0:00:06] [#]} a5 $146 ({Predecessor:} 11... Ne5 12. O-O Nbc6 13. Nf5 Ng6 14. g3 Re8 15. Rfe1 Nf8 16. Rad1 Bxb2 17. Qxb2 Bxf5 18. exf5 {½-½ (23) Swiercz,D (2665)-Gareyev,T (2565) San Salvador 2022}) 12. O-O Re8 13. Rad1 Nc6 14. Nb5 Bxb2 15. Qxb2 Nc5 16. Qc2 Bd7 17. Rfe1 Ne5 18. Nc3 Bc6 19. Nf1 (19. f4 $5 Ned7 20. Nd5 $11) 19... Qg5 20. Ne3 {[%emt 0:00:19] Against f5} Ng6 21. Ned5 $1 Rac8 22. g3 Bxd5 23. cxd5 Qf6 (23... h5 $142) 24. f4 $16 c6 25. dxc6 ({White should play} 25. b4 axb4 26. axb4) 25... bxc6 {[%emt 0:00:01] [#]} 26. Bc4 (26. b4 $1 $16 axb4 27. axb4) 26... Rcd8 (26... Red8 $14) 27. Qd2 (27. b4 $142 axb4 28. axb4) 27... Nf8 28. Kg2 Qe7 (28... Nce6 $142) 29. b4 {[%emt 0:00:07] White is more active.} axb4 30. axb4 Nce6 31. b5 d5 32. exd5 cxd5 33. Bxd5 Qc5 34. Qd3 Ng6 35. Qc4 (35. Kh1 $18 {is more deadly.}) 35... Qb6 $2 (35... Rxd5 $16 36. Qxd5 Qxc3) 36. Bxe6 fxe6 37. Rxd8 Rxd8 38. Qxe6+ Qxe6 39. Rxe6 $18 {[%emt 0:00:01][%mdl 4096] Endgame KRN-KRN} Rd2+ 40. Kf3 Rxh2 (40... Nf8 $142) 41. b6 Rb2 42. Nd5 Rb5 43. Ke4 Nf8 44. Re7 {[%emt 0:00:02] [#] Threatens to win with b7.} h5 45. b7 {[%emt 0:00:01] Kd4 would kill now.} Rb3 46. Kd4 Kh7 47. Kc5 Ng6 48. Rd7 (48. Rc7 $142 h4 49. gxh4 Rxb7 50. Rxb7 Kh6 51. Kd4 Nxh4 52. Ke4 Kg6 53. Ne3) 48... Nf8 49. Re7 (49. Rf7 $18 Kh6 50. Nb4 Ne6+ 51. Kc4) 49... Ng6 $1 50. Rc7 Nf8 51. Kc4 (51. f5 $18 Kg8 52. Nb4 Rxg3 53. Kd6 (53. b8=B Rf3 $16) 53... Kh7 54. b8=Q Ng6 55. fxg6+ Rxg6+ 56. Ke7) 51... Rb1 52. Nb4 {[%emt 0:00:02] White is clearly winning.} Rc1+ 53. Kd3 Rxc7 54. b8=Q ({Not} 54. b8=R Nd7 55. Rd8 Nf6 $11) 54... Rf7 55. Qe5 {[%emt 0:00:02] Intending Nd5 and mate.} g6 56. Nd5 {[%emt 0:00:01] Weighted Error Value: White=0.47/Black=0.39} 1-0

[Event "4th Tata Steel India Blitz Open 2022"]
[Site "Kolkota"]
[Date "2022.12.03"]
[Round "2.2"]
[White "Nakamura, Hikaru"]
[Black "So, Wesley"]
[Result "1-0"]
[ECO "D04"]
[WhiteElo "2768"]
[BlackElo "2760"]
[Annotator "TA"]
[PlyCount "79"]
[EventDate "2022.11.29"]
[EventType "tourn"]
[EventCountry "IND"]
[SourceTitle "playchess.com"]
[Source "ChessBase"]
[SourceQuality "1"]
[TimeControl "180+2"]

1. Nf3 c5 2. e3 Nf6 3. d4 d5 4. c4 cxd4 5. Nxd4 e5 6. Nf3 Nc6 7. cxd5 {[%emt 0:00:07] D04: Colle System.} Qxd5 8. Bd2 $5 {[%emt 0:00:41][%mdl 4] [#] A promising side line.} Ne4 $146 (8... Be7 {simplifies} 9. Nc3 Qd6 10. Be2 O-O) ({Predecessor:} 8... Bf5 9. Nc3 Qd7 10. Bb5 Bd6 11. Qa4 O-O 12. e4 Bg4 13. Nd5 Nh5 14. Bc3 Bxf3 15. gxf3 {1-0 (39) Siagodnik,A (2157)-Kovalev,V (2554) Minsk 2014}) 9. Nc3 {[%emt 0:00:02] The position is equal.} Nxc3 10. Bxc3 Qxd1+ 11. Rxd1 f6 12. Bc4 Bb4 (12... Ke7 {looks sharper.} 13. Ke2 Be6 14. Bd5 Rd8) 13. Bxb4 Nxb4 14. a3 Nc6 15. Rc1 Ke7 16. Bd5 Bd7 17. b4 Rhc8 {[%emt 0:00:04][%cal Oc6b4] [#] And now ...Nxb4! would win.} 18. Ke2 a5 19. b5 Nd8 20. a4 Be6 21. Bxe6 Nxe6 22. Nd2 $1 Nc5 23. Rc4 Nd7 24. Rhc1 Rxc4 25. Rxc4 $11 {[%emt 0:00:10][%mdl 4096] Endgame KRN-KRN} Kd8 26. Rg4 g5 27. Nb3 h5 28. Re4 Nb6 29. g4 Ke7 (29... h4 $11) 30. h4 (30. gxh5 $14 {is more appropriate.} Ke6 31. Rg4) 30... gxh4 (30... Ke6 $11 {remains equal.}) 31. gxh5 $16 h3 32. Rh4 {[%emt 0:00:00] Against h2. Strongly threatening Nc5.} Kf7 {[%emt 0:00:04] A mistake that costs the game.} ({Better is} 32... h2 $1 $14) 33. Nc5 $18 ({Worse is} 33. Rxh3 Nxa4 34. h6 b6 $11) 33... Rb8 34. h6 Kg8 35. Rxh3 Kh7 36. Kf3 {[%emt 0:00:09] Black must now prevent Ke4.} Nd5 $2 (36... Rc8 $16 {is a better chance.} 37. Nxb7 Nxa4) 37. Ke4 Nc3+ 38. Kf5 {[%emt 0:00:01] [#] Threatens to win with Nd7.} b6 39. Nd7 Rb7 40. Nxf6+ {[%emt 0:00:01] Weighted Error Value: White=0.07 (flawless) /Black=0.62} 1-0